cohdb
Replays
Latest Replays
All Replays
Popular Replays
Top Player Replays
Match Explorer
How It Works
Community
CoH3 Stats
Reddit
Sign in to upload your games and track your stats! →
Sign in with Steam
Match 41490247
Unlisted
Match 41490247
Overview
Messages
Build Orders
End
Panzergrenadier Squad
Selects Armored Support Battlegroup
250 Light Carrier
Panzergrenadier Squad
Construct Light Support Kompanie
Construct Mechanized Kompanie
Selects Superior Fire Drills
Panzerjäger Mechanized Group
8 Rad Armored Car
Veteran Squad Leaders
Vehicle Survival Package
Selects Flammpanzer III Medium Tank
Flammpanzer III Medium Tank
Construct Panzerarmee Kommand
Emergency Repair Kits
Rapid Advance
Walking Stuka Rocket Launcher
Selects Salvage Kits
Armored Reserves
Selects Panzer Storm
Advanced Optics
Tungsten Core Ammunition
Combat Half-tracks
Advanced Field Repairs
Tiger Heavy Tank
Panzerpioneer Squad
Selects Stuka Dive Bomb
Luchs
Zergvoss
True Xavier
Finlandia
抖音呆呆河马-英3小程序
任大大
L林先森
mansonchan
0
0
Comments
sign in to comment!
No comments posted yet!